Neutered, neutral female human Ranger ----------- |.....%<... |.........| |.........+ -----.----- .... # ......... # |......... .............| # ##.......... ------------- # # ---- ## ### ------|- # |a.aaa.| ### |.laaaa| # |F.a@aa(###### -------- Neutered the Trailblazer Experience level: 8 Strength: 12 Dexterity: 12 Constitution: 16 Intelligence: 15 Wisdom: 12 Charisma: 8 Health: 0(58) Energy: 29(29) AC: -6 Gold: 821 Moves: 6786 Your Inventory: Coins $ - 821 gold pieces Weapons a - 6 uncursed +1 daggers (wielded) b - an uncursed +1 bow (alternate weapon; not wielded) c - 51 uncursed +2 arrows (in quiver) j - 20 [uncursed +0] arrows m - 22 [uncursed +3] arrows I - 13 [blessed +4] arrows Z - a [blessed +2] dagger Armor e - an uncursed +2 cloak of displacement (being worn) r - a [blessed] +1 pair of hard shoes [iron] (being worn) s - an [uncursed] +0 dwarvish mithril-coat (being worn) U - a blessed +0 hard hat [dwarvish iron helm] (being worn) V - an uncursed +0 large round shield [dwarvish roundshield] (being worn) Scrolls S - an uncursed scroll called GHO 150 [of earth] Potions g - a [blessed] potion called pin 100 [of restore ability] G - a [cursed] sky blue potion [of speed] J - a [cursed] silver potion [of paralysis] Rings F - an [uncursed] ring of levitation Tools p - an [uncursed] credit card u - an [uncursed] blindfold x - an uncursed key [skeleton key] E - 2 uncursed partly used [tallow] candles H - an uncursed looking glass [mirror] O - an uncursed [oil] lamp (0:141) P - an uncursed looking glass [mirror] Q - an uncursed [wax] candle R - an uncursed expensive camera [0:93] Gems k - 3 uncursed gems called glass [worthless glass] t - an [uncursed] gem called yellow not glass? [chrysoberyl] v - an [uncursed] white gem [opal] y - an [uncursed] white gem [fluorite] B - 2 [uncursed] gems called red glass [worthless glass] C - an [uncursed] gem called orange glass [worthless glass] D - 2 [uncursed] orange gems [agate] Spells known in the end: Name Level Category Fail Memory Your skills at the end: Fighting Skills Weapon Skills dagger [Skilled / Expert] bow [Basic / Expert] Spellcasting Skills Final Attributes: You were piously aligned. Hunger level was -520. Your alignment was 41 / 43. Monster difficulty range was 0 - 6. Level difficulty was 5. You were telepathic. You had automatic searching. You were displaced. You were stealthy. You were unlucky (-1). Venus was angry with you (1). You are dead. Vanquished creatures: a large mimic a small mimic 6 wolves 5 leprechauns a brown pudding a gnome mummy 2 human zombies a rope golem 2 imps 3 mountain nymphs a rock mole a pony 3 fog clouds a violet fungus 9 gnome lords a guardian naga hatchling 2 giant ants a floating eye 10 dwarves a homunculus 2 kobold shamans 2 hill orcs a rothe a centipede 7 dwarf zombies an iguana an acid blob 2 coyotes a gas spore 2 hobbits 4 manes 2 hobgoblins a cave spider a brown mold 2 yellow molds a green mold 2 red molds 45 gnomes 2 garter snakes a gecko 5 jackals 2 foxes 2 kobolds 2 goblins a grid bug 2 bats 3 lichens a kobold zombie 5 newts 157 creatures vanquished. Voluntary challenges: You used a wielded weapon 168 times. You read items or engraved 2 times. You put on armor 11 times. You never genocided any monsters. You never polymorphed an object. You never changed form. You used no wishes. You never wrote Elbereth's name. You never encountered a bones level. You never used any Sokoban shortcuts. Dungeon overview: The Dungeons of Doom: levels 1 to 5 Level 1 (vault) a fountain a long staircase Level 2 (vault, chocolate?) stairs to The Gnomish Mines Level 3 some fountains portal to Advent Calendar Level 4 (vault) a bookstore, a fountain Level 5 <- You were here The Gnomish Mines: levels 3 to 6 Level 3 stairs to The Dungeons of Doom Level 6 many shops, a temple, a magic chest, some fountains, some trees Advent Calendar: Level 3 many trees portal to The Dungeons of Doom History has recorded: On T:1 you entered the Dungeons of Doom to retrieve the Amulet of Yendor! On T:81 you reached level 2 of The Dungeons of Doom. On T:313 you advanced to experience level 2. On T:371 you reached level 1 of The Gnomish Mines. On T:520 you reached level 3 of The Dungeons of Doom. On T:673 you advanced to experience level 3. On T:710 you advanced to experience level 4. On T:769 you advanced to experience level 5. On T:1186 you reached level 2 of The Gnomish Mines. On T:1230 you advanced to experience level 6. On T:1476 you reached level 3 of The Gnomish Mines. On T:1589 you reached level 4 of The Gnomish Mines. On T:1785 you advanced to experience level 7. On T:2740 you advanced to experience level 8. On T:3973 you reached level 1 of Advent Calendar. On T:5705 you reached level 4 of The Dungeons of Doom. On T:6201 you reached level 5 of The Dungeons of Doom. Latest messages: [HP-5=26] The killer bee just misses! The killer bee stings! The killer bee misses. The killer bee stings! The killer bee misses. [HP-2=24] The killer bee misses. (2x) The killer bee stings! (6x) The killer bee misses. (2x) [HP-5=19] The killer bee stings! (2x) The killer bee misses. (2x) The killer bee stings! [HP-3=16] The killer bee stings! The killer bee misses. (2x) The killer bee stings! The killer bee's sting was poisoned! The killer bee stings! (2x) The killer bee misses. The killer bee stings! (2x) You die... Final status: Goodbye Neutered the Ranger... You died in The Dungeons of Doom on dungeon level 5 with 4921 points, and 821 pieces of gold, after 6786 moves. You were level 8 with a maximum of 58 hit points when you died.